 Dungeon Crawl Stone Soup version 0.29.1-15-g9cfb28693d (webtiles) character file.

Game seed: 10634265546852875101

29 QwertyIsDirtey the Chopper (level 3, 0/33 HPs)
             Began as a Minotaur Berserker on Mar 23, 2023.
             Was a Follower of Trog.
             Succumbed to an adder's poison
             ... on level 2 of the Dungeon.
             The game lasted 00:06:40 (844 turns).

QwertyIsDirtey the Chopper (Minotaur Berserker)      Turns: 844, Time: 00:06:41

Health: 0/33       AC:  2    Str: 23    XL:     3   Next: 1%
Magic:  2/2        EV: 12    Int:  4    God:    Trog [*.....]
Gold:   33         SH:  0    Dex:  9    Spells: 2/2 levels left

rFire   . . .      SeeInvis .   j - +0 hand axe
rCold   . . .      Faith    .   (no shield)
rNeg    . . .      Spirit   .   b - +0 animal skin
rPois   .          Reflect  .   (helmet restricted)
rElec   .          Harm     .   (no cloak)
rCorr   .          Rampage  .   (no gloves)
Will    .....                   (no boots)
Stlth   +.........              (no amulet)
HPRegen 0.11/turn               (no ring)
MPRegen 0.08/turn               (no ring)

@: lethally poisoned (0 -> -4)
A: horns 2, retaliatory headbutt
a: Renounce Religion, Berserk


You were on level 2 of the Dungeon.
You worshipped Trog.
Trog was aware of your devotion.
You visited 1 branch of the dungeon, and saw 2 of its levels.

You collected 33 gold pieces.

Inventory:

Hand Weapons
 h - a +0 spear
 j - a +0 hand axe (weapon)
Missiles
 i - 2 poisoned darts (quivered)
Armour
 b - a +0 animal skin (worn)
Jewellery
 c - a ring of magical power
Scrolls
 d - a scroll of teleportation {unknown}
Potions
 a - a potion of brilliance {unknown}
 e - a potion of lignification {unknown}
 f - a potion of mutation {unknown}
 g - a potion of attraction {unknown}


   Skills:
 + Level 4.1 Fighting
 + Level 4.1 Axes
 + Level 2.7 Armour
 + Level 2.4 Dodging
 + Level 0.9 Unarmed Combat


You had 2 spell levels left.
You didn't know any spells.
Your spell library was empty.

Dungeon Overview and Level Annotations

Branches:
Dungeon (2/15)

Altars:


Innate Abilities, Weirdness & Mutations

You have a pair of horns on your head.
You reflexively headbutt those who attack you in melee.


Message History

You barely miss the adder.
You feel sick. The adder barely misses you.
You hit the adder.
The adder is moderately wounded.
You feel sick. The adder closely misses you. The adder barely misses you.
You hit the adder.
The adder is moderately wounded.
You feel sick. The adder bites you.
You are more poisoned.
The adder poisons you!
You hit the adder.
The adder is severely wounded.
You feel sick. The adder bites you.
You are lethally poisoned!
The adder poisons you!
You hit the adder.
The adder is severely wounded.
* * * LOW HITPOINT WARNING * * *
You feel very sick. The adder barely misses you. You furiously retaliate!
You headbutt the adder.
You kill the adder!
Trog accepts your kill.
You have reached level 3!
Your experience leads to an increase in your attributes!
Increase (S)trength, (I)ntelligence, or (D)exterity?
Uppercase letters only, please.
Uppercase letters only, please.
You feel stronger. x2
Save game and exit? [Y]es or [N]o only, please.
Save game and exit?
Okay, then.
* * * LOW HITPOINT WARNING * * *
You feel sick.
* * * LOW HITPOINT WARNING * * *
You feel sick.
* * * LOW HITPOINT WARNING * * *
You feel sick.
* * * LOW HITPOINT WARNING * * *
You feel sick.
You die...

#.# #.# #.# #.#
###.### .....
############.#########
#.....†.....@........#
#.##########.........#
#.........#
#.........########
#.................
#.#..........#####
................#..
.##.##...#####......
#. #..##.....##..#


There were no monsters in sight!

Vanquished Creatures
  An adder (D:2)
  A worm (D:2)
  A dart slug (D:1)
  A ball python (D:1)
  An endoplasm (D:1)
  A giant cockroach (D:1)
  4 hobgoblins (D:1)
  A quokka (D:1)
  A frilled lizard (D:2)
  3 rats (D:1)
15 creatures vanquished.

Notes
Turn   | Place    | Note
-------+----------+-------------------------------------------
     0 | D:1      | QwertyIsDirtey the Minotaur Berserker began the quest for
                  | the Orb.
     0 | D:1      | Reached XP level 1. HP: 19/19 MP: 0/0
   382 | D:1      | Reached XP level 2. HP: 22/27 MP: 1/1
   786 | D:2      | Found a faded altar of an unknown god.
   840 | D:2      | Reached XP level 3. HP: 7/33 MP: 2/2
   842 | D:2      | HP: 1/33 [poisoned by an adder]
   844 | D:2      | Succumbed to an adder's poison

Illustrated notes

Levels and vault maps discovered:
D:1:      elethiomel_arrival_infinity_welcomes_careful_drivers, layout_basic
D:2:      layout_basic, nicolae_ecumenical_pavilion, grunt_ministairs_2,
          pf_guarded_unrand_delatra, uniq_robin

Skill      XL: |  1  2 |
---------------+-------+-----
Fighting       | 4 |  4.1
Axes           | 4 |  4.1
Armour         | |  2.7
Dodging        | |  2.4
Unarmed Combat | |  0.9

Action                   || total
-------------------------++-------
Melee: Unarmed           ||    16
       Headbutt          ||     7
       Hand axe          ||    18
Armor: Animal skin       ||     5
Dodge: Dodged            ||    28
